 Dungeon Crawl Stone Soup version 0.30-a0-728-gc68057be0a (webtiles) character file.

Game seed: 7018795732648880287

9419 drugrobin the Martial Artist (level 11, -10/81 HPs)
             Began as a Demigod Delver on Jan 31, 2023.
             Hit by a large rock thrown by a stone giant (37 damage)
             ... on level 10 of the Dungeon on Feb 1, 2023.
             The game lasted 00:36:57 (11815 turns).

drugrobin the Martial Artist (Demigod Delver)      Turns: 11815, Time: 00:36:58

Health: -10/81     AC: 11    Str: 13    XL:     11   Next: 3%
Magic:  14/14      EV: 21    Int: 12    God:
Gold:   775        SH:  5    Dex: 29    Spells: 10/10 levels left

rFire   + + .      SeeInvis .      - Unarmed
rCold   . . .      Faith    .    (no shield)
rNeg    . . .      Spirit   .    Y - +0 troll leather armour
rPois   .          Reflect  +    W - +0 helmet
rElec   .          Harm     .    (no cloak)
rCorr   .          Rampage  .    T - +1 pair of gloves of the Game of Life {rF+ Regen+ Dex+2 Slay+3}
Will    +....                    (no boots)
Stlth   +++                      h - amulet of reflection
HPRegen 1.93/turn                s - +4 ring of protection
MPRegen 0.14/turn                B - ring of protection from fire

@: no status effects
A: high MP 1, forlorn, divine attributes
a: no special abilities


You were on level 10 of the Dungeon.
You visited 2 branches of the dungeon, and saw 11 of its levels.

You collected 775 gold pieces.

Inventory:

Hand Weapons
 b - a +0 sling
 c - a +0 dagger of venom
 d - a +3 dagger of chaos
 j - the +7 dagger of the Feather {freeze, *Rage rElec rF++ Str+2}
   (You found it on level 5 of the Dungeon)

   Str:       It affects your strength (+2).
   rF:        It greatly protects you from fire.
   rElec:     It insulates you from electricity.
   *Rage:     It berserks you when you make melee attacks (+20% chance).
 S - the +6 hand axe of Ymnuev {freeze, Fly rElec rF+}
   (You found it on level 8 of the Dungeon)

   rF:        It protects you from fire.
   rElec:     It insulates you from electricity.
   Fly:       It grants you flight.
Missiles
 u - 2 throwing nets
 w - 6 datura-tipped darts
 K - 6 boomerangs (quivered)
 Q - 9 poisoned darts
Armour
 x - the +0 chain mail "Ruajyl" {rElec rPois rC-}
   (You found it on level 3 of the Dungeon)

   rC:        It makes you vulnerable to cold.
   rElec:     It insulates you from electricity.
   rPois:     It protects you from poison.
 C - a +1 leather armour of cold resistance
 T - the +1 pair of gloves of the Game of Life (worn) {rF+ Regen+ Dex+2 Slay+3}
   (You acquired it on level 9 of the Dungeon)

   Dex:       It affects your dexterity (+2).
   Slay:      It affects your accuracy & damage with ranged weapons and melee
   (+3).
   rF:        It protects you from fire.
   Regen:     It increases your rate of health regeneration.
 W - a +0 helmet (worn)
 Y - a +0 troll leather armour (worn)
Magical Staves
 p - a staff of death
Jewellery
 h - an amulet of reflection (around neck)
 s - a +4 ring of protection (left hand)
 z - a ring of ice
 B - a ring of protection from fire (right hand)
Wands
 a - a wand of charming (4)
 f - a wand of digging (2)
 N - a wand of flame (7)
 R - a wand of polymorph (11)
 U - a wand of roots (1)
Scrolls
 i - 3 scrolls of enchant armour {unknown}
 l - a scroll of vulnerability {unknown}
 m - 4 scrolls of teleportation
 n - 2 scrolls of fear
 o - 2 scrolls of fog
 t - 2 scrolls of silence {unknown}
 v - a scroll of blinking {unknown}
 y - 3 scrolls of noise {unknown}
 A - a scroll of torment {unknown}
 H - 2 scrolls of enchant weapon {unknown}
 J - 2 scrolls of amnesia {unknown}
 P - 3 scrolls of magic mapping
Potions
 e - 4 potions of haste
 g - 2 potions of resistance
 k - 3 potions of curing {unknown}
 q - 3 potions of heal wounds {unknown}
 r - 2 potions of flight
 D - a potion of might {unknown}
 I - 4 potions of lignification
 M - 3 potions of attraction
 O - a potion of mutation {unknown}
 Z - 2 potions of berserk rage


   Skills:
 - Level 2.6 Fighting
 + Level 9.4 Dodging
 - Level 4.5 Stealth
 * Level 13.2 Unarmed Combat
 + Level 1.6 Evocations


You had 10 spell levels left.
You didn't know any spells.
Your spell library contained the following spells:

 Spells                   Type           Power      Damage    Failure   Level
 Tukima's Dance           Hex            0%         N/A       77%         3
 Passage of Golubria      Tloc           0%         N/A       99%         4
 Yara's Violent Unravell  Hex/Tmut       0%         3d3       100%        5


Dungeon Overview and Level Annotations

Branches:
Dungeon (10/15)            Temple (0/1) D:4             Orc (1/2) D:9
   Lair: D:8-11

Shops:
D:3 :   Orc:1 *

Annotations:
D:3 2 runed translucent doors, Crazy Yiuf; Darkkill's ghost, amateur MiHu; Ijyb
D:4 1 runed translucent door, exclusions: goblin and ogre, kiwi3s's ghost, amateur MiBe
D:7 Joseph


Innate Abilities, Weirdness & Mutations

You have an increased reservoir of magic. (+10% MP)
You shall have no god before yourself.
Your divine heritage dramatically boosts your attributes as you level up.


Message History

Aim: a stone giant, quivering large rocks (severely wounded, very poisoned, 92% to hit)
You throw a poisoned dart. The poisoned dart hits the stone giant.
The stone giant looks as sick as possible!
The stone giant is severely wounded.
Unknown command.
The stone giant throws a large rock.
The large rock hits you!!
Throw: 10 darts (poison)
Press: ? - help, Shift-Dir - straight line, f/p - stone giant
Aim: a stone giant, quivering large rocks (severely wounded, very poisoned, 92% to hit)
You throw a poisoned dart. The poisoned dart hits the stone giant.
The stone giant is severely wounded.
Unknown command.
The stone giant throws a large rock.
The large rock hits you!!
* * * LOW HITPOINT WARNING * * *
Unknown command.
Unknown command.
Okay, then.
Okay, then.
Aiming: Fastroot
Press: ? - help, Shift-Dir - straight line, f/p - stone giant
Aim: a stone giant, quivering large rocks (severely wounded, very poisoned)
The roots erupt in riotous growth!
Roots grab the stone giant.
The grasping roots constrict the stone giant.
You hear a bellow! x4
The stone giant escapes!
Unknown command.
Unknown command.
Aiming: Fastroot
Press: ? - help, Shift-Dir - straight line, f/p - stone giant
Aim: a stone giant, quivering large rocks (severely wounded, very poisoned)
The roots erupt in riotous growth!
Roots grab the stone giant.
The grasping roots constrict the stone giant, but do no damage.
You hear a bellow!
The stone giant throws a large rock.
The large rock barely misses you.
Unknown command.
The grasping roots constrict the stone giant.
The stone giant throws a large rock.
The large rock hits you!!!
You die...

#############............[.....#
(..(((C.(......................#
#########(.##################..#
#..# #..# #..# #..# #..# #..#
######(.# #..#
........##################..#
..........C..@..............#
#############################


You could see a stone giant (very poisoned, rooted).

Vanquished Creatures
  An ettin (Orc:1)
  An orc knight (D:9)
  A troll (D:9)
  A wyvern (D:10)
  16 yaks
  Eustachio (D:5)
  3 steam dragons
  4 wargs
  2 water moccasins (D:7)
  2 ice beasts
  10 orc warriors
  2 sky beasts
  2 centaurs
  3 ogres
  2 phantoms (D:6)
  3 kobold brigands
  A gnoll sergeant (D:8)
  3 bullfrogs
  2 scorpions
  A necrophage (D:7)
  5 wights (D:10)
  8 killer bees (D:9)
  An electric eel (D:9)
  3 howler monkeys (D:8)
  4 crimson imps (D:6)
  5 jellies
  6 orc priests
  3 hounds
  A gnoll bouda (D:7)
  3 iron imps (D:4)
  Jessica (D:3)
  An iguana (D:4)
  7 orc wizards
  A statue (D:4)
  10 gnolls
  6 adders
  A shadow imp (D:7)
  A worm (D:2)
  A dart slug (D:1)
  31 orcs
  13 endoplasms
  3 giant cockroaches
  8 hobgoblins
  3 jackals
  4 quokkas
  8 ball pythons
  5 bats
  7 frilled lizards
  9 goblins
  13 kobolds
  4 rats
237 creatures vanquished.

Vanquished Creatures (collateral kills)
  An orc (D:9)
1 creature vanquished.

Grand Total: 238 creatures vanquished

Notes
Turn   | Place    | Note
-------+----------+-------------------------------------------
     0 | D:5      | drugrobin the Demigod Delver began the quest for the Orb.
     0 | D:5      | Reached XP level 1. HP: 18/18 MP: 3/3
   156 | D:5      | Noticed Eustachio
   231 | D:5      | Noticed an ogre
   311 | D:5      | Noticed a jelly
   342 | D:5      | Noticed a scorpion
   365 | D:5      | Identified the +7 dagger of the Feather {freeze, *Rage
                  | rElec rF++ Str+2}
   382 | D:4      | Noticed an iguana
   395 | D:4      | Noticed an orc wizard
   396 | D:4      | Reached skill level 2 in Unarmed Combat
   413 | D:4      | Noticed a frost-covered statue
   549 | D:3      | Found Noskofeb's Book Shoppe.
   725 | D:1      | Reached XP level 2. HP: 24/25 MP: 4/4
   929 | D:1      | Reached skill level 3 in Unarmed Combat
  1491 | D:1      | Reached XP level 3. HP: 24/30 MP: 5/5
  2187 | D:2      | Reached XP level 4. HP: 37/37 MP: 6/6
  2242 | D:2      | Reached skill level 4 in Unarmed Combat
  2579 | D:3      | Identified the +0 chain mail "Ruajyl" {rElec rPois rC-}
  2639 | D:3      | Found a runed translucent door.
  2639 | D:3      | Noticed Darkkill's ghost (amateur MiHu)
  2666 | D:3      | Noticed Ijyb
  2681 | D:3      | Noticed Jessica
  2685 | D:3      | Killed Jessica
  2967 | D:3      | Found a runed translucent door.
  2968 | D:3      | Noticed Crazy Yiuf
  3376 | D:4      | Reached XP level 5. HP: 37/42 MP: 7/7
  3442 | D:4      | Noticed an ogre
  3536 | D:4      | Reached skill level 5 in Unarmed Combat
  3653 | D:4      | Found a runed translucent door.
  3671 | D:4      | Reached XP level 6. HP: 41/50 MP: 8/8
  4087 | D:4      | Found a staircase to the Ecumenical Temple.
  4438 | D:4      | Noticed kiwi3s's ghost (amateur MiBe)
  4663 | D:5      | Reached skill level 6 in Unarmed Combat
  5188 | D:5      | Reached XP level 7. HP: 29/56 MP: 9/9
  5337 | D:5      | Killed Eustachio
  5546 | D:6      | Reached skill level 7 in Unarmed Combat
  5817 | D:6      | Reached skill level 5 in Dodging
  5960 | D:6      | Reached XP level 8. HP: 60/62 MP: 10/10
  6126 | D:7      | Reached skill level 8 in Unarmed Combat
  6498 | D:7      | Noticed Joseph
  7421 | D:7      | Reached skill level 9 in Unarmed Combat
  7827 | D:8      | Identified the +6 hand axe of Ymnuev {freeze, Fly rElec
                  | rF+}
  8090 | D:8      | Reached XP level 9. HP: 68/68 MP: 11/11
  8419 | D:8      | Reached skill level 10 in Unarmed Combat
  9436 | D:9      | Reached skill level 11 in Unarmed Combat
  9532 | D:9      | Found a staircase to the Orcish Mines.
  9621 | D:9      | Reached XP level 10. HP: 68/74 MP: 13/13
  9676 | D:9      | Identified a scroll of acquirement
  9677 | D:9      | Acquired the +1 pair of gloves of the Game of Life {rF+
                  | Regen+ Dex+2 Slay+3}
  9983 | D:10     | Entered Level 10 of the Dungeon
 10035 | D:10     | Reached skill level 12 in Unarmed Combat
 10473 | D:10     | Noticed a red ugly thing
 10473 | D:10     | Noticed a stone giant
 10533 | Orc:1    | Entered Level 1 of the Orcish Mines
 10533 | Orc:1    | Noticed an orc knight
 10835 | Orc:1    | Found Watzauxt's Overcharged Wands.
 10873 | Orc:1    | Reached skill level 13 in Unarmed Combat
 11107 | Orc:1    | Noticed an ettin
 11169 | Orc:1    | Killed an ettin
 11170 | Orc:1    | Reached skill level 1 in Evocations
 11402 | D:9      | Killed an orc knight
 11403 | D:9      | Reached XP level 11. HP: 26/81 MP: 14/14
 11815 | D:10     | Hit by a large rock thrown by a stone giant

Illustrated notes

Levels and vault maps discovered:
D:1:      wheals_arrival_linesprint, layout_loops_corners, st_stairs_5
D:2:      layout_basic, basic_altar
D:3:      minmay_wonky_spiral, layout_loops_ring,
          mainiacjoe_overflow_small_starburst, nicolae_hepliaklqana_hazy_memory,
          gammafunk_ghost_grave, serial_shops, nicolae_diamond_shop, hex_medium,
          nicolae_titane, uniq_ijyb, uniq_crazy_yiuf_cottage, uniq_jessica
D:4:      layout_basic, nicolae_dithmenos_the_darkroom, vehumet_statue,
          demons_altar, minmay_temple_entry_antechambers,
          ebering_ghost_reflecting_pool
D:5:      layout_layer_cave, trog_three_pillars_becter, serial_glass,
          glass_columns_a, glass_columns_b, uniq_eustachio
D:6:      layout_basic, led_xom_imps, marbit_many_paths, grunt_decor_cap
D:7:      layout_loops_ring, uniq_joseph
D:8:      layout_loops_ring, mainiacjoe_overflow_cross_hatched,
          mainiacjoe_overflow_tiny_flanked, minmay_increasing_density
D:9:      argonaut_augean_stables, layout_loops_ring,
          mainiacjoe_overflow_alcove_1, mainiacjoe_overflow_catwalk, david_orc_2
D:10:     layout_long_grid, minmay_three_doors
Orc:1:    layout_caves, basic_altar, nicolae_shop_overcharged_wands

Skill      XL: |  1  2  3  4  5  6  7  8  9 10 |
---------------+-------------------------------+-----
Unarmed Combat | 2 3 4 5 6 7 9 11 13 | 13.2
Dodging        | 2 3 4 5 6 8 9 |  9.4
Evocations     | 1 |  1.6
Fighting       | |  2.6
Stealth        | |  4.5

Action                     |  1- 3 |  4- 6 |  7- 9 | 10-12 || total
---------------------------+-------+-------+-------+-------++-------
  Melee: Unarmed           |    30 |    19 |   415 |   243 ||   707
         War axe           |    57 |    98 |       |       ||   155
         Punch             |     1 |     2 |    33 |    23 ||    59
         Dagger            |       |     4 |    22 |     3 ||    29
         Hand axe          |       |       |     1 |       ||     1
   Fire: Sling             |       |     3 |    10 |       ||    13
  Throw: Dart              |       |    11 |     7 |    30 ||    48
         Boomerang         |       |       |    19 |    29 ||    48
         Throwing net      |       |       |     1 |       ||     1
  Evoke: Wand              |     1 |       |       |     6 ||     7
    Use: Scroll            |       |       |       |    11 ||    11
   Stab: Sleeping          |    12 |    17 |     6 |     2 ||    37
         Distracted        |     1 |       |     2 |       ||     3
         Held in net/web   |       |       |     1 |       ||     1
 Armour: Leather armour    |    24 |    40 |    51 |       ||   115
         Steam dragon scal |       |       |    15 |       ||    15
         Troll leather arm |       |       |    26 |    25 ||    51
  Dodge: Dodged            |    70 |    91 |   308 |   162 ||   631
  Block: Other             |       |       |       |    46 ||    46
         Reflection        |       |       |       |     3 ||     3

Table legend: (Time is in decaauts)
 A = Elapsed time spent in this place.
 B = Non-inter-level travel time spent in this place.
 C = Inter-level travel time spent in this place.
 D = Time resting spent in this place.
 E = Time spent auto-exploring this place.
 F = Levels seen in this place.
 G = Mean time per level.
                   A        B        C        D        E       F      G
               +--------+--------+--------+--------+--------+-----+--------+
         Total |  11885 |  11380 |    505 |    782 |   6905 |  11 | 1080.5 |
       Dungeon |  11302 |  10828 |    474 |    751 |   6665 |  10 | 1130.2 |
  Orcish Mines |    583 |    552 |     31 |     31 |    240 |   1 |  583.0 |
               +--------+--------+--------+--------+--------+-----+--------+

Top non-repeatable levels by time:
     D:5: 1431 daAuts
     D:9: 1426 daAuts
     D:4: 1303 daAuts
     D:6: 1251 daAuts
     D:1: 1249 daAuts
     D:8: 1089 daAuts
     D:7: 954 daAuts
     D:3: 912 daAuts
    D:10: 867 daAuts
     D:2: 815 daAuts
   Orc:1: 583 daAuts
